 Dungeon Crawl Stone Soup version 0.22.0-6-g71bd7aa6b3 (webtiles) character file.

74517 Flugkiller the Fighter (level 15, -9/162 HPs)
             Began as an Ogre Arcane Marksman on Aug 14, 2018.
             Was an Elder of Elyvilon.
             Mangled by a meliai
             ... wielding a +0 hand axe
              (12 damage)
             ... on level 15 of the Dungeon.
             The game lasted 00:57:32 (44821 turns).

Flugkiller the Fighter (Ogre Arcane Marksman)      Turns: 44821, Time: 00:57:32

Health: -9/162     AC:  9    Str: 18    XL:     15   Next: 47%
Magic:  21/21      EV: 13    Int: 17    God:    Elyvilon [****..]
Gold:   1521       SH: 14    Dex:  9    Spells: 13/16 levels left

rFire    + . .     SeeInvis +   h - +8 morningstar of Spores {crush, rN+ Dex-5 Stlth+}
rCold    + . .     Gourm    .   S - +1 shield {rC+ rF+}
rNeg     + . .     Faith    .   Z - +0 troll leather armour
rPois    +         Spirit   .   K - +1 hat
rElec    .         Reflect  +   n - +2 cloak {rPois}
rCorr    .         Harm     .   (gloves unavailable)
MR       +....                  (boots unavailable)
Stlth    ++........             Y - +4 amulet of reflection
HPRegen  0.77/turn              N - ring of see invisible
MPRegen  0.17/turn              u - +3 ring of intelligence

@: protection
A: large, unfitting armour, tough skin 1
a: Lesser Healing, Heal Other, Purification, Greater Healing, Divine Protection,
Renounce Religion


You were on level 15 of the Dungeon.
You worshipped Elyvilon.
Elyvilon was greatly pleased with you.
You were not hungry.

You visited 3 branches of the dungeon, and saw 22 of its levels.

You collected 1521 gold pieces.

Inventory:

Hand Weapons
 h - the +8 morningstar of Spores (weapon) {crush, rN+ Dex-5 Stlth+}
   (You found it on level 3 of the Lair of Beasts)

   It inflicts extra damage upon your enemies.
   It affects your dexterity (-5).
   It protects you from negative energy.
   It makes you more stealthy.
 y - a +0 giant spiked club of freezing
 E - a +4 flail of protection
Missiles
 d - 2 throwing nets
 j - 717 stones
 z - 31 large rocks
 M - 14 tomahawks (quivered)
Armour
 n - a +2 cloak of poison resistance (worn)
 K - a +1 hat (worn)
 S - a +1 shield of resistance (worn)
 W - a +2 robe of cold resistance
 Z - a +0 troll leather armour (worn)
Jewellery
 g - an uncursed ring of poison resistance
 k - an uncursed ring of positive energy
 m - an uncursed ring of fire
 u - a +3 ring of intelligence (right hand)
 B - an uncursed ring of ice
 N - a ring of see invisible (left hand)
 R - an uncursed amulet of rage
 U - an uncursed ring of positive energy
 Y - a +4 amulet of reflection (around neck)
Wands
 c - a wand of digging (14)
 q - a wand of acid (3)
 s - a wand of disintegration (19)
 L - a wand of iceblast (6)
Scrolls
 a - a scroll of brand weapon
 e - 6 scrolls of enchant armour
 i - a scroll of fog
 l - 9 scrolls of remove curse
 w - 6 scrolls of magic mapping
 x - a scroll of fear
 F - a scroll of holy word
 H - 7 scrolls of teleportation
 I - a scroll of identify
 Q - a scroll of enchant weapon {unknown}
 V - 2 scrolls of summoning {unknown}
 X - a scroll of noise {unknown}
Potions
 b - 4 potions of brilliance
 o - a potion of haste
 p - a potion of flight
 r - a potion of cancellation
 t - 3 potions of heal wounds
 v - 9 potions of curing
 A - 2 potions of lignification
 C - 2 potions of mutation
 D - 2 potions of invisibility
 G - 3 potions of magic
 J - a potion of agility
 O - a potion of resistance
 T - 2 potions of berserk rage
Comestibles
 f - 32 rations


   Skills:
 + Level 13.8 Fighting
 + Level 13.7 Maces & Flails
 - Level 12.0 Throwing
 + Level 10.8 Dodging
 + Level 6.5 Shields
 - Level 1.2 Spellcasting
 - Level 2.6 Hexes
 - Level 9.0 Invocations


You had 13 spell levels left.
You knew the following spells:

 Your Spells              Type           Power        Failure   Level  Hunger
a - Corona                Hex            ##.....      14%         1    ##.....
b - Slow                  Hex            ##......     22%         2    ###....

Your spell library contained the following spells:

 Spells                   Type           Power        Failure   Level  Hunger
 Cause Fear               Hex            ##........   82%         4    #####..
 Magic Dart               Conj           #...         41%         1    ##.....
 Apportation              Tloc           #.....       41%         1    ##.....
 Conjure Flame            Conj/Fire      #.......     78%         3    ####...
 Mephitic Cloud           Conj/Pois/Air  #.......     78%         3    ####...
 Summon Small Mammal      Summ           #...         41%         1    ##.....
 Blink                    Tloc           N/A          54%         2    ###....
 Iskenderun's Mystic Bla  Conj           #.......     99%         4    #####..
 Animate Dead             Necr           N/A          99%         4    #####..
 Pain                     Necr           #...         41%         1    ##.....
 Animate Skeleton         Necr           N/A          41%         1    ##.....
 Vampiric Draining        Necr           #.........   78%         3    ####...
 Call Imp                 Summ           #.......     54%         2    ###....
 Regeneration             Chrm/Necr      #.........   78%         3    ####...
 Sublimation of Blood     Necr           #.........   54%         2    ###....
 Confusing Touch          Hex            ##....       14%         1    ##.....
 Ignite Poison            Fire/Tmut/Pois #.......     78%         3    ####...
 Alistair's Intoxication  Tmut/Pois      #.......     100%        5    ######.
 Portal Projectile        Hex/Tloc       #.....       58%         3    ####...
 Petrify                  Tmut/Erth      #.......     99%         4    #####..
 Leda's Liquefaction      Hex/Erth       #.........   94%         4    #####..
 Inner Flame              Hex/Fire       #.......     58%         3    ####...
 Fulminant Prism          Conj/Hex       #.........   94%         4    #####..
 Dazzling Spray           Conj/Hex       #.....       58%         3    ####...
 Force Lance              Conj/Tloc      #.......     99%         4    #####..
 Searing Ray              Conj           #.....       54%         2    ###....
 Irradiate                Conj/Tmut      #.........   100%        5    ######.


Dungeon Overview and Level Annotations

Branches:
Dungeon (15/15)            Temple (1/1) D:7            Lair (6/6) D:9
 Shoals (0/4) Lair:3       Spider (0/4) Lair:3        Slime (0/5) Lair:6
    Orc (0/2) D:10         Vaults (0/5) D:14
 Depths: D:15

Altars:
Ashenzari
Elyvilon
Gozag
Makhleb
Nemelex Xobeh
Okawaru
Qazlal
Sif Muna
Trog
Uskayaw
Vehumet
Wu Jian
Xom
Yredelemnul
Zin
The Shining One
Beogh

Annotations:
D:2 Grinder
D:3 Pikel
D:5 1 runed door
Lair:4 2 transporters, Meluh's ghost, journeyman FoEE


Innate Abilities, Weirdness & Mutations

You are too large for most types of armour.
You have tough skin. (AC +1)


Message History

Something smites you!
* * * LOW HITPOINT WARNING * * *
You block the wolf spider zombie's attack.
The wolf spider zombie bites you.
* * * LOW HITPOINT WARNING * * *
The meliai misses you. The meliai closely misses you.
You block the shadow imp's attack. You block the meliai's attack.
The meliai barely misses you.
The wolf spider zombie closely misses you.
The wolf spider zombie completely misses you.
Unknown command.
You block the meliai's attack. x2; The wolf spider zombie hits you!
Elyvilon protects you from harm!
The wolf spider zombie bites you but does no damage.
Your surroundings seem slightly different.
The meliai hits you with a hand axe!
* * * LOW HITPOINT WARNING * * *
You block the meliai's attack.
You renew your call for help.
The meliai hits you with a hand axe!
You die...

# # #.## .#. #...
..# ##.# #..# #.#
#..## #..# #.# ...
... ..# #.# #.# #.#
##.####.# #.#
.......)# #.#
##..((<#########@#
#.###))(....y.y.#
#.# ##.(.....##.#
#.####...[5Z.##.###
#....)....).(.....#
######...))(=.....#
#.....(......#
#...$........#
####.###.....#


You could see 2 meliai, a shadow imp and a wolf spider zombie.

Vanquished Creatures
  Gastronok (Lair:3)
  An entropy weaver (D:13)
  Fannar (Lair:3)
  Erolcha (D:13)
  A hydra (D:14)
  3 vault guards (D:14)
  A centaur warrior (D:14)
  Erica (D:8)
  3 ogre magi
  9 two-headed ogres
  A queen ant (D:13)
  A death yak (Lair:6)
  Sonja (D:13)
  3 unseen horrors
  A lindwurm (Lair:6)
  A deep elf mage (D:14)
  2 orc knights (D:14)
  4 ugly things
  4 cyclopes
  An orc sorcerer (D:14)
  11 slime creatures
  3 manticores
  9 elephants
  2 black mambas
  2 gargoyles (D:14)
  10 spiny frogs
  A centaur zombie (D:14)
  A guardian serpent (shapeshifter) (D:14)
  2 rime drakes
  5 komodo dragons
  2 kobold demonologists
  4 yaktaurs (D:15)
  An efreet (D:13)
  A queen bee (D:8)
  2 meliai
  5 trolls
  A polar bear (Lair:6)
  2 hornets
  13 blink frogs
  10 hippogriffs
  A centaur simulacrum (D:14)
  Sigmund (D:4)
  4 wyverns
  A shadow (D:12)
  30 yaks
  2 vampire mosquitoes (D:14)
  3 basilisks
  4 hungry ghosts
  Edmund (D:4)
  Duvessa (D:4)
  12 water moccasins
  12 soldier ants
  6 porcupines
  4 slaves (D:4)
  9 orc warriors
  10 ogres
  2 sky beasts
  3 ice beasts
  3 necrophages
  4 black bears
  3 boggarts (D:14)
  An eye of draining (D:10)
  10 wolves
  15 centaurs
  12 crocodiles
  3 big kobolds
  16 bullfrogs
  2 wyvern skeletons
  Dowan (D:5)
  A hornet simulacrum (D:14)
  7 scorpions
  15 killer bees
  17 wights
  5 howler monkeys
  2 electric eels (Lair:3)
  7 crimson imps
  5 bullfrog zombies
  3 lava snakes (D:12)
  6 hounds
  18 jellies
  13 orc wizards
  4 centaur skeletons
  8 orc priests
  2 bullfrog skeletons
  5 iguanas
  25 worker ants
  2 hound skeletons
  A worker ant zombie (D:10)
  A howler monkey zombie (D:11)
  Robin (D:2)
  6 adders
  4 gnolls (D:7)
  4 shadow imps
  3 oozes
  3 adder skeletons
  An adder zombie (D:5)
  2 worms
  2 dart slugs
  6 leopard geckos
  47 orcs
  A ball python (D:1)
  7 bats
  13 giant cockroaches
  11 hobgoblins
  7 jackals
  7 quokkas
  A frilled lizard (D:4)
  28 goblins
  A jackal skeleton (D:7)
  26 kobolds
  A leopard gecko skeleton (D:8)
  2 quokka zombies
  5 rats
  A plant (Lair:2)
641 creatures vanquished.

Vanquished Creatures (others)
  A centaur warrior (D:15)
  A catoblepas (D:14)
  A deep troll shaman (Lair:6)
  A blink frog (Lair:5)
  A basilisk (Lair:6)
  2 vampire mosquitoes (D:14)
  A soldier ant (D:13)
  A centaur (D:13)
  A crocodile (Lair:5)
  2 jellies (Lair:6)
  3 worker ants (D:13)
  4 bushes (D:8)
  17 fungi
  14 plants
50 creatures vanquished.

Grand Total: 691 creatures vanquished

Notes
Turn   | Place    | Note
-------+----------+-------------------------------------------
     0 | D:1      | Flugkiller the Ogre Arcane Marksman began the quest for the Orb.
     0 | D:1      | Reached XP level 1. HP: 19/19 MP: 2/2
   533 | D:1      | Reached XP level 2. HP: 26/28 MP: 3/3
  1440 | D:2      | Reached XP level 3. HP: 27/36 MP: 4/4
  1972 | D:2      | Found an ornate altar of the Wu Jian Council.
  2116 | D:2      | Learned a level 2 spell: Slow
  2244 | D:2      | Reached XP level 4. HP: 43/45 MP: 5/5
  2301 | D:2      | Found a glowing silver altar of Zin.
  2410 | D:3      | Found a glowing silver altar of Zin.
  2412 | D:3      | Found a shimmering altar of Xom.
  2412 | D:3      | Found a shattered altar of Ashenzari.
  2414 | D:3      | Found a shimmering altar of Xom.
  2414 | D:3      | Found a burning altar of Makhleb.
  2414 | D:3      | Found a shimmering altar of Xom.
  2546 | D:3      | Noticed Robin
  2651 | D:2      | Killed Robin
  2651 | D:2      | Reached skill level 1 in Maces & Flails
  3640 | D:4      | Noticed Grinder
  3644 | D:4      | Paralysed by Grinder for 3 turns
  3733 | D:4      | Paralysed by Grinder for 3 turns
  3742 | D:3      | Paralysed by Grinder for 4 turns
  4056 | D:4      | Reached XP level 5. HP: 47/54 MP: 6/6
  4929 | D:4      | Noticed Edmund
  4929 | D:4      | Noticed Sigmund
  5126 | D:4      | Noticed Pikel
  5127 | D:4      | Noticed a slave
  5128 | D:4      | Noticed a slave
  5136 | D:4      | Noticed a slave
  5139 | D:4      | Noticed a slave
  5142 | D:4      | Killed a slave
  5917 | D:2      | Paralysed by Grinder for 5 turns
  6162 | D:4      | Killed Sigmund
  6162 | D:4      | Reached skill level 5 in Fighting
  6162 | D:4      | Reached XP level 6. HP: 5/66 MP: 1/7
  6766 | D:4      | Reached XP level 7. HP: 70/72 MP: 8/8
  7454 | D:5      | Entered Level 5 of the Dungeon
  7541 | D:5      | Found a runed door.
  7614 | D:5      | Found a bloodstained altar of Trog.
  8390 | D:5      | Noticed Duvessa
  8390 | D:5      | Noticed Dowan
  8942 | D:4      | Killed Edmund
  8979 | D:5      | Killed Dowan
  8979 | D:5      | Reached skill level 5 in Maces & Flails
  9149 | D:4      | Killed Duvessa
  9149 | D:4      | Reached XP level 8. HP: 19/83 MP: 9/9
  9850 | D:6      | You fall through a shaft for 2 floors!
  9850 | D:8      | Noticed a queen bee
  9864 | D:8      | Noticed a wyvern
  9889 | D:8      | Killed a wyvern
 10130 | D:8      | Noticed a hippogriff
 10149 | D:8      | Killed a hippogriff
 10289 | D:8      | Reached XP level 9. HP: 49/89 MP: 10/10
 10336 | D:8      | HP: 2/89 [killer bee (8)]
 10740 | D:8      | Found a hide-covered altar of Uskayaw.
 11217 | D:9      | Reached skill level 10 in Maces & Flails
 11266 | D:9      | Found a stormy altar of Qazlal.
 11334 | D:9      | Found a deep blue altar of Sif Muna.
 11507 | D:9      | Found a staircase to the Lair.
 11917 | D:6      | Found a sparkling altar of Nemelex Xobeh.
 11951 | D:6      | Found an opulent altar of Gozag.
 12137 | D:6      | Reached XP level 10. HP: 84/98 MP: 11/11
 12548 | D:6      | Found a white marble altar of Elyvilon.
 12565 | D:6      | Became a worshipper of Elyvilon the Healer
 12889 | D:7      | Found a bloodstained altar of Trog.
 12894 | D:7      | Reached skill level 1 in Invocations
 13368 | D:7      | Found a staircase to the Ecumenical Temple.
 13376 | Temple   | Entered the Ecumenical Temple
 13771 | D:7      | Reached * piety under Elyvilon
 13869 | D:7      | Found an iron altar of Okawaru.
 13951 | D:7      | Found a basalt altar of Yredelemnul.
 14204 | D:8      | Noticed Erica
 14695 | D:8      | Killed Erica
 14912 | D:8      | Reached skill level 5 in Dodging
 15900 | D:9      | Reached XP level 11. HP: 106/109 MP: 14/14
 16457 | Lair:1   | Entered Level 1 of the Lair of Beasts
 16811 | Lair:1   | Reached ** piety under Elyvilon
 16844 | Lair:1   | Reached skill level 5 in Invocations
 17619 | Lair:1   | Reached skill level 5 in Throwing
 19170 | Lair:2   | Reached *** piety under Elyvilon
 21074 | Lair:3   | Noticed Gastronok
 21100 | Lair:2   | Reached XP level 12. HP: 119/119 MP: 17/17
 21199 | Lair:3   | Noticed a four-headed hydra
 21213 | Lair:3   | Pacified a four-headed hydra
 21540 | Lair:3   | Killed Gastronok
 21803 | Lair:3   | Reached **** piety under Elyvilon
 21814 | Lair:3   | Noticed Fannar
 21823 | Lair:3   | Got an iridescent morningstar
 21830 | Lair:3   | Identified the +8 morningstar of Spores {crush, rN+ Dex-5 Stlth+} (You found it on level 3 of the Lair of Beasts)
 21879 | Lair:3   | Killed Fannar
 22167 | Lair:3   | Found a staircase to the Shoals.
 23241 | Lair:3   | Found a hole to the Spider Nest.
 23852 | Lair:4   | Reached skill level 10 in Fighting
 24288 | Lair:4   | Found a transporter.
 24294 | Lair:4   | Noticed Meluh's ghost (journeyman FoEE)
 24295 | Lair:4   | Noticed a five-headed hydra
 24354 | Lair:4   | Pacified a five-headed hydra
 24737 | Lair:4   | Reached XP level 13. HP: 126/133 MP: 17/19
 24811 | Lair:4   | Found a transporter.
 24933 | Lair:4   | Found a radiant altar of Vehumet.
 25661 | Lair:4   | Reached skill level 10 in Throwing
 28024 | Lair:6   | Entered Level 6 of the Lair of Beasts
 29247 | Lair:6   | Found a staircase to the Slime Pits.
 31314 | Lair:5   | HP: 6/135 [death yak (9)]
 32381 | D:10     | Entered Level 10 of the Dungeon
 32571 | D:10     | Reached skill level 1 in Shields
 33171 | D:10     | Found a staircase to the Orcish Mines.
 33748 | D:10     | Reached XP level 14. HP: 80/146 MP: 20/20
 37536 | D:13     | Noticed Erolcha
 37560 | D:13     | Killed Erolcha
 38336 | D:13     | Found a roughly hewn altar of Beogh.
 38707 | D:13     | Identified the +2 robe of the Good {*Slow +Blink +Fly Dex+5} (You found it on level 13 of the Dungeon)
 38931 | D:13     | Noticed Sonja
 38935 | D:13     | Killed Sonja
 39099 | D:13     | Noticed an entropy weaver
 39099 | D:13     | Noticed an entropy weaver
 39151 | D:13     | Pacified an entropy weaver
 39811 | D:13     | Killed an entropy weaver
 40584 | D:13     | Reached skill level 10 in Dodging
 41315 | D:14     | Found a glowing golden altar of the Shining One.
 41506 | D:14     | Reached skill level 5 in Shields
 42487 | D:14     | Reached XP level 15. HP: 104/159 MP: 21/21
 43940 | D:14     | Found a gate to the Vaults.
 44220 | D:15     | Entered Level 15 of the Dungeon
 44816 | D:15     | HP: 6/162 [wolf spider zombie (6)]
 44817 | D:15     | Elyvilon protects you from harm!
 44820 | D:15     | HP: 2/162 [meliai/hand axe (7)]
 44821 | D:15     | Mangled by a meliai

Skill      XL: |  1  2  3  4  5  6  7  8  9 10 11 12 13 14 15 |
---------------+----------------------------------------------+-----
Dodging        | 2 3 4 5 7 8 9 10 | 10.8
Fighting       | 2 3 4 5 7 8 10 11 13 | 13.8
Maces & Flails | 1 2 3 5 8 11 12 13 | 13.7
Invocations    | 4 7 9 |  9.0
Throwing       | 3 6 9 12 | 12.0
Shields        | 1 5 6 |  6.5
Spellcasting   | |  1.2
Hexes          | |  2.6

Action                   |  1- 3 |  4- 6 |  7- 9 | 10-12 | 13-15 || total
-------------------------+-------+-------+-------+-------+-------++-------
Melee: Dagger            |   143 |       |       |       |       ||   143
       Unarmed           |     1 |       |       |       |       ||     1
       Whip              |    77 |   376 |   178 |       |       ||   631
       Flail             |       |       |   304 |   834 |   984 ||  2122
       Giant spiked club |       |       |    19 |       |       ||    19
       Morningstar       |       |       |       |    69 |   569 ||   638
Throw: Large rock        |       |     5 |     3 |       |       ||     8
       Stone             |       |     4 |    14 |    12 |       ||    30
       Throwing net      |       |     1 |     1 |       |       ||     2
       Tomahawk          |       |       |       |       |     2 ||     2
 Cast: Slow              |       |    43 |    22 |       |       ||    65
Invok: Lesser Healing    |       |       |       |     4 |     2 ||     6
       Heal Other        |       |       |       |     6 |    37 ||    43
       Greater Healing   |       |       |       |     1 |     4 ||     5
       Divine Protection |       |       |       |       |     2 ||     2
Evoke: Wand              |       |       |     3 |     6 |     2 ||    11
  Use: Scroll            |     6 |     2 |     5 |    20 |    13 ||    46
       Potion            |       |       |     3 |     1 |       ||     4
 Stab: Sleeping          |       |       |     3 |     1 |     2 ||     6
       Distracted        |       |       |     1 |       |       ||     1
  Eat: Chunk             |     4 |    15 |    18 |    30 |    47 ||   114
       Ration            |       |     1 |     2 |     5 |    10 ||    18
Armor: Robe              |    85 |   112 |   183 |   267 |   383 ||  1030
       Troll leather arm |       |       |       |       |    13 ||    13
Dodge: Dodged            |   119 |   200 |   281 |   444 |   618 ||  1662
Block: Shield            |       |       |       |       |   565 ||   565
       Other             |       |       |       |       |    19 ||    19
       Reflection        |       |       |       |       |    27 ||    27
